 Dungeon Crawl Stone Soup version 0.31-a0-479-g91c9547826 (webtiles) character file.

Game seed: 18249875053734632949

424 Ethylacetat the Chopper (level 6, -7/33 HPs)
             Began as a Vine Stalker Monk on Aug 7, 2023.
             Mangled by an ogre
             ... wielding a +0 giant club
              (20 damage)
             ... on level 4 of the Dungeon.
             The game lasted 00:03:00 (2772 turns).

Ethylacetat the Chopper (Vine Stalker Monk)         Turns: 2772, Time: 00:03:00

Health: -7/33      AC:  2    Str: 13    XL:     6   Next: 96%
Magic:  0/11       EV: 13    Int: 10    God:
Gold:   131        SH:  0    Dex: 19    Spells: 11/11 levels left

rFire   . . .        a - +0 hand axe
rCold   . . .        d - orb {light}
rNeg    . . .        b - +0 robe
rPois   .            (no helmet)
rElec   .            (no cloak)
rCorr   .            (no gloves)
SInv    .            (no boots)
Will    .....        p - amulet of magic regeneration
Stlth   +            (no ring)
HPRegen 1.05/turn    (no ring)
MPRegen 0.52/turn

%: guardian spirit
@: glowing
A: fangs 2, regeneration 1, magic shield, antimagic bite, no potion heal 2
a: no special abilities


You were on level 4 of the Dungeon.
You visited 1 branch of the dungeon, and saw 4 of its levels.

You collected 131 gold pieces.

Inventory:

Hand Weapons
 a - a +0 hand axe (weapon)
Armour
 b - a +0 robe (worn)
 d - an orb of light (worn)
Jewellery
 p - an amulet of magic regeneration (around neck)
Scrolls
 e - a scroll of fear {unknown}
 f - 3 scrolls of identify {unknown}
 g - a scroll of poison {unknown}
 j - a scroll of amnesia {unknown}
 m - a scroll of revelation {unknown}
 o - a scroll of brand weapon {unknown}
Potions
 c - a potion of ambrosia
 h - 3 potions of lignification {unknown}
 i - 2 potions of mutation {unknown}
 k - a potion of haste {unknown}
 l - a potion of berserk rage {unknown}
 n - a potion of attraction {unknown}


   Skills:
 + Level 4.1 Fighting
 * Level 5.2 Axes
 - Level 2.4 Dodging
 + Level 3.1 Spellcasting


You had 11 spell levels left.
You didn't know any spells.
Your spell library contained the following spells:

 Spells                   Type           Power      Damage    Failure   Level
 Anguish                  Hex/Necr       0%         N/A       95%         4
 Cause Fear               Hex            0%         N/A       95%         4
 Enfeeble                 Hex            0%         N/A       100%        7


Dungeon Overview and Level Annotations

Branches:
Dungeon (4/15)
 Temple: D:4-7

Altars:
Kikubaaqudgha
Uskayaw

Shops:
D:1 *


Innate Abilities, Weirdness & Mutations

You have extremely sharp teeth.
Your natural rate of healing is unusually fast.
When hurt, damage is shared between your health and your magic reserves.
Your bite disrupts and absorbs the magic of your enemies.
Potions cannot restore your health.


Message History

The goblin shouts!
A goblin is nearby!
You barely miss the goblin. You bite the goblin.
You kill the goblin!
Found a hide-covered altar of Uskayaw.
No target in view!
No target in view!
An ogre and an adder come into view.
The ogre shouts!
The adder hisses angrily.
The ogre barely misses you.
You hit the ogre. You bite the ogre. You drain its power.
The ogre is lightly wounded.
The ogre closely misses you.
You hit the ogre. You bite the ogre. You drain its power.
The ogre is heavily wounded.
The adder bites you.
You are poisoned.
The adder poisons you!
You hit the ogre. You bite the ogre. You drain its power.
The ogre is heavily wounded.
You closely miss the adder.
You feel sick.
The ogre hits you with a +0 giant club!!
The adder bites you.
You are too injured to fight recklessly!
You are too injured to fight recklessly!
You hit the ogre.
The ogre is severely wounded.
You hit the adder but do no damage.
You feel sick. The adder bites you. The ogre closely misses you.
You hit the ogre. You bite the ogre, but do no damage.
The ogre is severely wounded.
You barely miss the adder.
You feel sick.
You are no longer poisoned.
The adder completely misses you. The adder bites you.
You hit the ogre.
The ogre is severely wounded.
You hit the adder.
The ogre hits you with a +0 giant club!!
Ouch! That really hurt!
You die...

##.. .... #... # ###.. ..# #
#.#_#.# ... .#.#.#.8.# ..
.........# ##.# ......S@.# #..
.#.#.#O8.## #.# #.#..###.#
#####....# ##...##
#....####### ...........##
#..........### .............#
#............#
...>.........###..####......##


You could see an ogre and an adder.

Vanquished Creatures
  The ghost of Omnilove the Changeling, an amateur OpSh (D:3)
  A scorpion (D:4)
  A water moccasin zombie (D:3)
  A bullfrog skeleton (D:3)
  A hound (D:4)
  Natasha (D:4)
  3 gnolls (D:3)
  4 adders
  An ufetubus (D:4)
  2 worms
  A dart slug (D:2)
  7 endoplasms
  4 giant cockroaches
  9 goblins
  4 hobgoblins
  9 jackals
  6 kobolds
  3 quokkas
  2 ball pythons
  4 bats
  4 frilled lizards (D:1)
  10 rats
79 creatures vanquished.

Notes
Turn   | Place    | Note
-------+----------+-------------------------------------------
     0 | D:1      | Ethylacetat the Vine Stalker Monk began the quest for the
                  | Orb.
     0 | D:1      | Reached XP level 1. HP: 11/11 MP: 2/2
    90 | D:1      | Reached XP level 2. HP: 16/16 MP: 3/3
   116 | D:1      | Reached skill level 3 in Axes
   447 | D:1      | Reached skill level 1 in Spellcasting
   451 | D:1      | Reached XP level 3. HP: 18/20 MP: 3/5
   574 | D:1      | Found Oxtenall's General Store.
   826 | D:1      | Found a faded altar of an unknown god.
  1210 | D:2      | Gained mutation: Your natural rate of healing is unusually
                  | fast. [Vine Stalker growth]
  1210 | D:2      | Reached XP level 4. HP: 23/24 MP: 7/7
  1673 | D:3      | Found a runed translucent gate.
  1673 | D:3      | Found a runed translucent gate.
  1673 | D:3      | Found a runed translucent gate.
  1678 | D:3      | Noticed Omnilove's ghost (amateur OpSh)
  1787 | D:3      | Found an ancient bone altar of Kikubaaqudgha.
  1815 | D:3      | Reached skill level 4 in Axes
  1818 | D:3      | Reached XP level 5. HP: 25/28 MP: 6/8
  2412 | D:3      | Killed Omnilove's ghost
  2422 | D:3      | Reached XP level 6. HP: 11/33 MP: 5/10
  2539 | D:4      | Noticed Natasha
  2548 | D:4      | Reached skill level 5 in Axes
  2559 | D:4      | Killed Natasha
  2762 | D:4      | Found a hide-covered altar of Uskayaw.
  2772 | D:4      | Mangled by an ogre

Illustrated notes

Levels and vault maps discovered:
D:1:      matt_arrival_grand_opening, layout_basic, serial_shops, shop,
          chequers_ecumenical_altar_simple_redux
D:2:      layout_rooms, nicolae_concentric_dashed_squares_mild,
          hangedman_abyss_or_decor_stabs
D:3:      layout_loops_corners, nicolae_kikubaaqudgha_miasma_corner,
          gammafunk_ghost_necromancy
D:4:      layout_layer_cave, minitemple, uniq_natasha

Skill      XL: |  1  2  3  4  5  6 |
---------------+-------------------+-----
Axes           | 3 4 5 |  5.2
Spellcasting   | 1 2 3 |  3.1
Fighting       | 3 4 |  4.1
Dodging        | |  2.4

Action                     |  1- 3 |  4- 6 || total
---------------------------+-------+-------++-------
  Melee: Hand axe          |   100 |   107 ||   207
         Bite              |    28 |    35 ||    63
 Armour: Robe              |    15 |    14 ||    29
  Dodge: Dodged            |    72 |    89 ||   161

Table legend: (Time is in decaauts)
 A = Elapsed time spent in this place.
 B = Non-inter-level travel time spent in this place.
 C = Inter-level travel time spent in this place.
 D = Time resting spent in this place.
 E = Time spent auto-exploring this place.
 F = Levels seen in this place.
 G = Mean time per level.
                   A        B        C        D        E       F      G
               +--------+--------+--------+--------+--------+-----+--------+
         Total |   2793 |   2728 |     65 |      0 |   2249 |   4 |  698.2 |
       Dungeon |   2793 |   2728 |     65 |      0 |   2249 |   4 |  698.2 |
               +--------+--------+--------+--------+--------+-----+--------+

Top non-repeatable levels by time:
     D:1: 974 daAuts
     D:3: 946 daAuts
     D:2: 584 daAuts
     D:4: 287 daAuts
